Map: Wolfe Industries

Players

Mørtebianca

  • Race: Zerg Zerg
  • League: Diamond
  • Spawn Location: 7:00

Jhyrachy

  • Race: Zerg Zerg
  • League: Silver
  • Spawn Location: 7:00

Alucard - Winner!

  • Race: Zerg Zerg
  • League: Diamond
  • Spawn Location: 12:00

KotNasher - Winner!

  • Race: Zerg Zerg
  • League: Gold
  • Spawn Location: 3:00

VOD

Have the link to the VOD?

Description

Time

  • Played on: Dec. 9, 2015, 2:37 p.m.
  • Length: 8:18
Show
View Real Time Build Order
Export as new Build Order

Mørtebianca Zerg 

Build Orders: 3 Hatch before Pool 

Get SALT Encoding   

  12  0:02  Drone  
  13  0:11  Drone  
  14  0:17  Overlord  
  14  0:36  Drone x3  
  17  0:57  Drone  
  17  0:59  Hatchery  
  17  1:00  Drone  
  18  1:24  Hatchery  
  17  1:31  Drone x3  
  20  1:33  Extractor  
  19  1:42  Overlord  
  19  2:00  Spawning Pool, Drone  
  19  2:17  Hatchery  
  19  2:21  Drone  
  19  2:26  Drone  
  19  2:28  Drone  
  21  2:31  Drone  
  23  2:37  Drone  
  22  2:47  Zergling x4  
  22  2:48  Zergling x4  
  26  2:58  Metabolic Boost  
  25  3:00  Zergling x2  
  25  3:05  Zergling x4  
  27  3:15  Zergling x4  
  27  3:19  Drone x2  
  31  3:30  Drone  
  31  3:31  Drone x2  
  34  3:37  Overlord  
  34  3:39  Overlord  
  34  3:53  Drone x3  
  34  3:54  Drone x2  
  34  3:55  Drone  
  40  4:19  Hatchery, Overlord  
  40  4:22  Overlord  
  39  4:25  Zergling x2  
  39  4:26  Zergling x10  
  39  4:31  Zergling x2  
  44  4:41  Zergling x6  
  47  4:49  Queen  
  47  4:50  Queen  
  50  5:04  Extractor  
  50  5:05  Drone x3, Extractor  
  51  5:07  Drone x3  
  51  5:22  Zergling x2, Roach Warren  
  51  5:23  Zergling x10  
  56  5:34  Spine Crawler  
  56  5:35  Spine Crawler  
  54  5:37  Drone, Spine Crawler  
  54  5:38  Drone x3  
  54  5:40  Drone  
  54  5:42  Extractor  
  57  6:04  Roach x11  
  59  6:08  Overlord x3  
  78  6:13  Roach  
  78  6:20  Roach  
  74  6:29  Roach x3  
  74  6:30  Roach x2  
  80  6:35  Roach  
  72  6:45  Roach x3  
  70  6:51  Roach x2  
  69  6:56  Roach  
  69  6:59  Roach  
  70  7:05  Hatchery  
  70  7:06  Roach  
  71  7:14  Roach x3  
  71  7:19  Roach  
  71  7:22  Roach  
  65  7:25  Roach  
  57  7:30  Roach  
  57  7:39  Roach x2  
  53  7:45  Roach x2  
  57  7:51  Roach  
  57  7:54  Roach  
  57  7:55  Zergling x4  
  60  8:05  Roach Warren  
Show
View Real Time Build Order
Export as new Build Order

Jhyrachy Zerg 

Build Orders: Hatch First 

Get SALT Encoding   

  12  0:01  Drone  
  13  0:10  Drone  
  14  0:44  Overlord  
  14  0:45  Hatchery  
  13  1:01  Drone  
  14  1:04  Drone  
  14  1:05  Drone  
  16  1:17  Drone  
  17  1:25  Extractor  
  16  1:26  Spawning Pool  
  16  1:27  Drone  
  16  1:39  Drone  
  17  1:45  Overlord  
  17  1:58  Drone  
  18  2:11  Drone x3  
  18  2:14  Queen  
  23  2:16  Queen  
  23  2:20  Drone  
  23  2:21  Drone  
  27  2:30  Metabolic Boost  
  27  2:39  Zergling x2  
  27  2:40  Zergling x4  
  31  2:58  Zergling x2  
  31  2:59  Zergling x4  
  33  3:12  Zergling x6  
  36  3:18  Queen  
  33  3:52  Drone x3  
  33  3:54  Overlord x3  
  36  4:15  Queen  
  36  4:16  Hatchery, Drone x3  
  36  4:17  Drone x3  
  40  4:32  Baneling Nest  
  40  4:36  Extractor, Drone  
  40  4:37  Drone x2  
  42  5:05  Roach Warren  
  42  5:06  Drone x3  
  42  5:07  Drone  
  45  5:10  Drone x2  
  47  5:14  Extractor  
  47  5:15  Drone  
  47  5:16  Drone x5  
  47  5:19  Overlord  
  52  5:34  Overlord x3  
  45  5:59  Roach  
  45  6:00  Roach x2  
  45  6:03  Roach x5  
  45  6:04  Roach  
  60  6:11  Roach x5  
  52  6:45  Drone x2  
  52  6:46  Drone  
  51  6:50  Roach Warren  
  18  7:17  Queen  
  16  7:36  Roach x5  
  16  7:37  Roach  
  24  7:59  Roach x3  
  40  8:13  Ravager  
  40  8:14  Ravager x2  
Show
View Real Time Build Order
Export as new Build Order

Alucard Zerg - Winner!

Build Orders: Hatch First 

Get SALT Encoding   

  12  0:00  Drone  
  13  0:08  Drone  
  14  0:17  Overlord  
  15  0:35  Drone x3  
  17  0:55  Hatchery  
  16  0:59  Drone  
  17  1:06  Extractor  
  16  1:15  Spawning Pool  
  16  1:18  Drone  
  16  1:34  Drone x3  
  19  1:45  Overlord  
  19  1:59  Drone  
  20  2:01  Queen  
  22  2:10  Queen  
  22  2:13  Zergling x4  
  26  2:25  Spine Crawler  
  26  2:26  Drone x2  
  26  2:28  Drone  
  28  2:33  Drone  
  29  2:38  Metabolic Boost  
  29  2:49  Drone x3  
  32  2:56  Drone  
  33  3:28  Drone  
  33  3:29  Roach Warren  
  33  3:32  Overlord x4  
  33  3:35  Zergling x6  
  34  3:47  Zergling x4  
  36  3:59  Zergling x4  
  38  4:03  Overlord  
  38  4:11  Roach x6  
  52  4:17  Roach x3  
  56  4:28  Roach x2  
  60  4:32  Roach  
  60  4:33  Zergling x2, Roach  
  62  4:44  Roach x2  
  66  4:47  Zergling x2  
  66  4:48  Zergling x8  
  66  4:50  Extractor  
  70  4:59  Drone  
  71  5:00  Drone  
  71  5:02  Drone, Overlord x2  
  73  5:22  Roach x4  
  81  5:28  Overlord  
  81  5:29  Overlord  
  81  5:33  Roach x2  
  85  5:39  Roach x2  
  88  6:07  Zergling x2, Roach  
  88  6:08  Roach x5  
  91  6:23  Roach x3  
  91  6:24  Zergling x6  
  97  6:27  Spine Crawler  
  97  6:29  Spine Crawler  
  97  6:30  Spine Crawler x2  
  97  6:31  Spine Crawler  
  79  7:14  Zergling x2, Roach x5  
  77  7:30  Roach x2  
  77  7:46  Zergling x2, Roach x4  
Show
View Real Time Build Order
Export as new Build Order

KotNasher Zerg - Winner!

Build Orders: Pool First 

Get SALT Encoding   

  12  0:01  Drone  
  13  0:07  Drone  
  14  0:15  Extractor  
  14  0:16  Drone  
  14  0:32  Spawning Pool  
  13  0:37  Drone  
  14  0:45  Overlord  
  14  1:03  Drone  
  14  1:04  Drone x2  
  17  1:19  Metabolic Boost  
  17  1:23  Queen  
  19  1:27  Zergling x2  
  19  1:31  Zergling x2  
  21  1:37  Overlord  
  21  1:48  Zergling x2  
  22  2:00  Zergling x2  
  23  2:11  Zergling x2  
  24  2:19  Hatchery  
  23  2:39  Drone x2  
  23  2:40  Drone x3  
  28  2:59  Drone  
  28  3:03  Overlord  
  29  3:17  Drone  
  29  3:18  Drone  
  26  3:29  Drone x2  
  28  3:37  Extractor  
  28  3:39  Roach Warren  
  26  3:42  Drone x2  
  26  3:43  Drone  
  29  3:53  Overlord  
  31  3:56  Zergling x2  
  31  4:00  Drone x2  
  26  4:24  Roach x5  
  33  4:42  Roach  
  33  4:43  Roach x3  
  41  4:57  Roach  
  43  5:04  Roach  
  43  5:06  Overlord  
  44  5:12  Overlord x2  
  44  5:22  Roach  
  44  5:26  Roach x2  
  50  5:43  Roach  
  50  5:47  Roach x2  
  50  5:48  Roach x2  
  60  5:52  Hatchery  
  59  6:09  Roach x2  
  57  6:24  Roach x3  
  41  7:13  Roach  
  41  7:14  Roach x5  
  49  7:31  Ravager x3  
  52  7:42  Roach x2  
  57  7:44  Zergling x6  
  59  7:57  Roach  
Tags
 
Add a new tag
Caveats
  • Supply blocks, unpowered buildings, or Contaminate may cause inaccurate times.
  • Supply counts are checked every 10 seconds.